 Dungeon Crawl Stone Soup version 0.27.0-1-g7a08968 (webtiles) character file.

Game seed: 11856315749953782788

3943 GeorgeSoros the Thaumaturge (level 10, -3/66 HPs)
             Began as a Gnoll Hedge Wizard on Aug 7, 2021.
             Was a Priest of Hepliaklqana.
             Slain by a boulder beetle (51 damage)
             ... on level 9 of the Dungeon on Aug 11, 2021.
             The game lasted 00:34:05 (12000 turns).

GeorgeSoros the Thaumaturge (Gnoll Hedge Wizard)   Turns: 12000, Time: 00:34:05

Health: -3/66      AC: 13    Str:  9    XL:     10   Next: 21%
Magic:  22/22      EV: 13    Int: 23    God:    Hepliaklqana [***...]
Gold:   465        SH:  0    Dex: 12    Spells: 15/26 levels left

rFire    + . .     SeeInvis .   q - +9 lance "Wyrmbane" {slay drac, rPois rF+ rC+ AC+3}
rCold    + . .     Faith    .   (no shield)
rNeg     . . .     Spirit   .   y - +0 acid dragon scales
rPois    +         Reflect  .   c - +1 hat
rElec    .         Harm     .   p - +0 cloak
rCorr    +         Rampage  .   (no gloves)
Will     .....                  f - +0 pair of boots
Stlth    +++.......             (no amulet)
HPRegen  0.21/turn              s - +6 ring of intelligence
MPRegen  0.18/turn              (no ring)

@: no status effects
A: reduced essence, fangs 1, strong nose, distributed training
a: Renounce Religion, Recall Ancestor, Ancestor Identity, Transference


You were on level 9 of the Dungeon.
You worshipped Hepliaklqana.
Hepliaklqana was most pleased with you.
You visited 2 branches of the dungeon, and saw 10 of its levels.

You collected 465 gold pieces.

Inventory:

Hand Weapons
 q - the +9 lance "Wyrmbane" (weapon) {slay drac, rPois rF+ rC+ AC+3}
   (You took it off Maggie on level 6 of the Dungeon)

   It inflicts extra damage against dragons and draconians.
   AC:        It affects your AC (+3).
   rF:        It protects you from fire.
   rC:        It protects you from cold.
   rPois:     It protects you from poison.
 D - the +5 dagger "Wallu" {protect, rN+ rCorr MP+9 Dex+3}
   (You found it on level 8 of the Dungeon)

   It grants its wielder temporary protection when it strikes (+7 to AC).
   Dex:       It affects your dexterity (+3).
   rN:        It protects you from negative energy.
   MP:        It affects your magic capacity (+9).
   rCorr:     It protects you from acid and corrosion.
Missiles
 g - 2 throwing nets
Armour
 c - a +1 hat (worn)
 f - a +0 pair of boots (worn)
 p - a +0 cloak (worn)
 y - +0 acid dragon scales (worn)
Jewellery
 s - a +6 ring of intelligence (left hand)
Wands
 b - a wand of iceblast (4)
 i - a wand of mindburst (7)
 r - a wand of paralysis (4)
Scrolls
 e - 5 scrolls of teleportation
 m - a scroll of amnesia
 t - 2 scrolls of fog
 A - a scroll of silence
 B - a scroll of blinking
 C - a scroll of magic mapping
Potions
 a - a potion of resistance {unknown}
 d - a potion of lignification
 k - 3 potions of curing
 l - a potion of heal wounds
 n - a potion of flight {unknown}
 o - a potion of mutation {unknown}
 u - a potion of haste {unknown}
 v - a potion of invisibility {unknown}
 w - a potion of cancellation {unknown}
 x - 2 potions of magic {unknown}
 z - a potion of brilliance {unknown}


   Skills:
 + Level 5.0 Fighting
 + Level 5.0 Short Blades
 + Level 5.0 Long Blades
 + Level 5.0 Axes
 + Level 5.0 Maces & Flails
 + Level 5.0 Polearms
 + Level 5.0 Staves
 + Level 5.0 Slings
 + Level 5.0 Bows
 + Level 5.0 Crossbows
 + Level 5.0 Throwing
 + Level 5.0 Armour
 + Level 6.9 Dodging
 + Level 6.6 Stealth
 + Level 5.0 Shields
 + Level 5.0 Unarmed Combat
 + Level 8.9 Spellcasting
 + Level 4.7 Conjurations
 + Level 4.2 Hexes
 + Level 4.7 Summonings
 + Level 4.2 Necromancy
 + Level 4.7 Translocations
 + Level 4.2 Transmutations
 + Level 4.2 Fire Magic
 + Level 4.2 Ice Magic
 + Level 4.2 Air Magic
 + Level 4.2 Earth Magic
 + Level 4.2 Poison Magic
 + Level 5.5 Invocations
 + Level 5.0 Evocations


You had 15 spell levels left.
You knew the following spells:

 Your Spells              Type           Power      Damage    Failure   Level
a - Magic Dart            Conj           100%       1d8       1%          1
b - Call Imp              Summ           32%        N/A       2%          2
c - Mephitic Cloud        Conj/Pois/Air  30%        N/A       4%          3
d - Ignite Poison         Fire/Tmut/Pois 29%        N/A       5%          3
e - Blink                 Tloc           N/A        N/A       2%          2

Your spell library contained the following spells:

 Spells                   Type           Power      Damage    Failure   Level
 Animate Skeleton         Necr           58%        N/A       1%          1
 Pain                     Necr           100%       1d9       1%          1
 Shock                    Conj/Air       100%       1d9       1%          1
 Searing Ray              Conj           64%        3d5       2%          2
 Slow                     Hex            29%        N/A       2%          2
 Conjure Flame            Conj/Fire      30%        6-21      4%          3
 Swiftness                Air            29%        N/A       5%          3
 Vampiric Draining        Necr           14%        2d8       5%          3
 Fulminant Prism          Conj/Hex       15%        3d11      16%         4
 Airstrike                Air            14%        N/A       19%         4
 Summon Forest            Summ/Tloc      16%        N/A       36%         5
 Summon Mana Viper        Hex/Summ       30%        N/A       41%         5
 Bolt of Magma            Conj/Fire/Erth 15%        4d9       43%         5
 Shadow Creatures         Summ           N/A        N/A       91%         6


Dungeon Overview and Level Annotations

Branches:
Dungeon (9/15)             Temple (1/1) D:4
   Lair: D:8-11         Orc: D:9-12

Altars:
Ashenzari
Cheibriados
Dithmenos
Elyvilon
Fedhas
Gozag
Hepliaklqana
Kikubaaqudgha
Makhleb
Nemelex Xobeh
Qazlal
Ru
Sif Muna
Trog
Uskayaw
Vehumet
Wu Jian
Zin
The Shining One

Shops:
D:1 :


Innate Abilities, Weirdness & Mutations

Your life essence is reduced to manifest your ancestor. (-10% HP)
You have very sharp teeth.
Your uncanny sense of smell can sniff out nearby items.
Your experience applies equally to all skills.


Message History

You puncture the warg!
The warg is almost dead.
The boulder beetle curls into a ball and begins rolling!
Manelesi barely misses the warg.
The warg closely misses you.
You hit the warg.
The warg is almost dead.
Something hits Manelesi but does no damage.
The warg misses you.
The orc priest looks encouraged for a moment.
Manelesi barely misses something.
You hit the warg.
The warg is almost dead.
Something hits Manelesi but does no damage.
The warg bites you.
You puncture the warg!
You kill the warg!
Manelesi hits something with a +0 flail.
Something hits you but does no damage.
You puncture the orc priest!
The orc priest is severely wounded.
The boulder beetle stops rolling and uncurls.
The orc priest mumbles some strange prayers to Beogh against you.
You struggle to resist.
Manelesi hits something with a +0 flail.
Something hits you.
You puncture the orc priest!
You kill the orc priest!
The boulder beetle curls into a ball and begins rolling!
Manelesi hits something with a +0 flail!
Reactivating autopickup.
You feel a bit more experienced.
You reach to attack!
You hit the boulder beetle.
The boulder beetle is lightly wounded.
Manelesi hits the boulder beetle but does no damage.
You strike the helpless boulder beetle from behind!
You hit the boulder beetle but do no damage.
The boulder beetle is lightly wounded.
The boulder beetle hits you!!!
Ouch! That really hurt!
You die...

..............
.............
............ #####.
....[...... ......
........ ...... ...°.
###### #)B# #..# #R@#
#..# #..# #..# #..# #..#
#..# #..# #..# #..# #..#
#..# #..# #..# #..# #..#
#..# #..#
######..####..####..####
..........)[............
..........).......>.....


You could see the friendly Manelesi the knight and a boulder beetle (rolling,
ally target).

Vanquished Creatures
  Maggie (D:6)
  A warg (D:9)
  Menkaure (D:6)
  2 water moccasins
  A black bear (D:7)
  A sky beast (D:7)
  2 ogres
  4 centaurs
  A kobold brigand (D:8)
  3 bullfrogs
  2 gnoll sergeants
  A wyvern zombie (D:7)
  4 scorpions
  A water moccasin skeleton (D:4)
  A jelly (D:4)
  2 hounds
  7 orc priests
  4 orc wizards
  2 howler monkey zombies
  5 adders
  12 gnolls
  A white imp (D:6)
  2 ufetubi
  A worm (D:2)
  2 dart slugs
  23 orcs
  6 bats
  4 endoplasms
  4 giant cockroaches
  9 hobgoblins
  5 jackals
  9 kobolds
  3 quokkas
  9 ball pythons
  6 frilled lizards
  7 goblins
  8 rats
157 creatures vanquished.

Vanquished Creatures (collateral kills)
  A water moccasin (D:7)
  3 orc warriors
  An ice beast (D:5)
  An ogre (D:6)
  A centaur (D:7)
  A kobold brigand (D:8)
  2 bullfrogs
  A scorpion (D:4)
  A howler monkey (D:6)
  A centaur zombie (D:6)
  A hound (D:5)
  An orc priest (D:5)
  Natasha (thrice) (D:2)
  2 orc wizards
  9 gnolls
  An adder (D:5)
  5 orcs
  A goblin (D:2)
36 creatures vanquished.

Vanquished Creatures (others)
  2 ancestors (D:6)
  A plant (D:9)
3 creatures vanquished.

Grand Total: 196 creatures vanquished

Notes
Turn   | Place    | Note
-------+----------+-------------------------------------------
     0 | D:1      | GeorgeSoros the Gnoll Hedge Wizard began the quest for the
                  | Orb.
     0 | D:1      | Reached XP level 1. HP: 13/13 MP: 8/8
   379 | D:1      | Reached XP level 2. HP: 19/19 MP: 7/10
   382 | D:1      | Learned a level 2 spell: Call Imp
   813 | D:1      | Reached XP level 3. HP: 25/25 MP: 8/11
   872 | D:1      | Found a faded altar of an unknown god.
  1184 | D:1      | Found Beth's Book Shop.
  1363 | D:2      | Reached skill level 1 in Invocations
  1437 | D:2      | Noticed Natasha
  1528 | D:2      | Killed Natasha
  1529 | D:2      | Reached skill level 1 in Fighting
  1529 | D:2      | Reached skill level 1 in Short Blades
  1529 | D:2      | Reached skill level 1 in Long Blades
  1529 | D:2      | Reached skill level 1 in Axes
  1529 | D:2      | Reached skill level 1 in Maces & Flails
  1529 | D:2      | Reached skill level 1 in Polearms
  1529 | D:2      | Reached skill level 1 in Staves
  1529 | D:2      | Reached skill level 1 in Slings
  1529 | D:2      | Reached skill level 1 in Bows
  1529 | D:2      | Reached skill level 1 in Crossbows
  1529 | D:2      | Reached skill level 1 in Throwing
  1529 | D:2      | Reached skill level 1 in Armour
  1529 | D:2      | Reached skill level 1 in Shields
  1529 | D:2      | Reached skill level 1 in Unarmed Combat
  1529 | D:2      | Reached skill level 1 in Evocations
  1529 | D:2      | Reached XP level 4. HP: 32/32 MP: 5/13
  1621 | D:2      | Reached skill level 1 in Hexes
  1621 | D:2      | Reached skill level 1 in Necromancy
  1621 | D:2      | Reached skill level 1 in Transmutations
  1621 | D:2      | Reached skill level 1 in Fire Magic
  1621 | D:2      | Reached skill level 1 in Ice Magic
  1621 | D:2      | Reached skill level 1 in Air Magic
  1621 | D:2      | Reached skill level 1 in Earth Magic
  1621 | D:2      | Reached skill level 1 in Poison Magic
  1707 | D:2      | Noticed Natasha
  1726 | D:2      | Killed Natasha
  1874 | D:2      | Noticed Natasha
  1877 | D:2      | Killed Natasha
  1878 | D:2      | Reached XP level 5. HP: 37/37 MP: 9/14
  3344 | D:3      | Reached XP level 6. HP: 41/44 MP: 12/16
  4395 | D:4      | Reached skill level 5 in Dodging
  4481 | D:4      | Learned a level 3 spell: Mephitic Cloud
  4540 | D:4      | Found a staircase to the Ecumenical Temple.
  4603 | Temple   | Entered the Ecumenical Temple
  4808 | Temple   | Became a worshipper of Hepliaklqana the Forgotten
  5317 | D:4      | Reached XP level 7. HP: 47/50 MP: 16/18
  5996 | D:4      | Learned a level 3 spell: Ignite Poison
  6052 | D:5      | Entered Level 5 of the Dungeon
  6349 | D:5      | Reached skill level 5 in Stealth
  7005 | D:5      | Learned a level 2 spell: Blink
  7303 | D:5      | Reached XP level 8. HP: 46/57 MP: 12/19
  7399 | D:5      | Reached * piety under Hepliaklqana
  8185 | D:6      | Noticed Maggie
  8338 | D:6      | Noticed Menkaure
  8341 | D:6      | Killed Menkaure
  8342 | D:6      | Reached skill level 8 in Spellcasting
  8347 | D:6      | HP: 2/52 [gnoll (4)]
  9269 | D:6      | Killed Maggie
  9270 | D:6      | Reached XP level 9. HP: 58/58 MP: 21/21
  9573 | D:6      | Reached ** piety under Hepliaklqana
  9574 | D:6      | Remembered your ancestor Manelesi as a knight
  9884 | D:6      | Found a glowing silver altar of Zin.
 10214 | D:7      | Reached skill level 5 in Invocations
 10753 | D:7      | Found a sacrificial altar of Ru.
 11120 | D:8      | Reached XP level 10. HP: 43/65 MP: 17/22
 11269 | D:8      | Found a bloodstained altar of Trog.
 11430 | D:8      | Identified the +5 dagger "Wallu" {protect, rN+ rCorr MP+9
                  | Dex+3}
 11796 | D:9      | Reached *** piety under Hepliaklqana
 11890 | D:9      | Found a burning altar of Makhleb.
 11943 | D:9      | Reached skill level 5 in Fighting
 11943 | D:9      | Reached skill level 5 in Short Blades
 11943 | D:9      | Reached skill level 5 in Long Blades
 11943 | D:9      | Reached skill level 5 in Axes
 11943 | D:9      | Reached skill level 5 in Maces & Flails
 11943 | D:9      | Reached skill level 5 in Polearms
 11943 | D:9      | Reached skill level 5 in Staves
 11943 | D:9      | Reached skill level 5 in Slings
 11943 | D:9      | Reached skill level 5 in Bows
 11943 | D:9      | Reached skill level 5 in Crossbows
 11943 | D:9      | Reached skill level 5 in Throwing
 11943 | D:9      | Reached skill level 5 in Armour
 11943 | D:9      | Reached skill level 5 in Shields
 11943 | D:9      | Reached skill level 5 in Unarmed Combat
 11943 | D:9      | Reached skill level 5 in Evocations
 11972 | D:9      | Noticed a boulder beetle
 12000 | D:9      | Slain by a boulder beetle

Illustrated notes

Levels and vault maps discovered:
D:1:      saegor_arrival_under_anarchy, layout_basic, serial_shops,
          nicolae_shop_crystal, shapermc_ecumenical_altar_pompeii
D:2:      layout_basic, grunt_ministairs_15, item_on_display_a, uniq_natasha
D:3:      minmay_bubble_buster, layout_basic, minmay_goblin_kobold_house
D:4:      layout_loops_corners, minmay_temple_entry_offerings
D:5:      layout_basic, kennysheep_cluttered_room, amethyst_killhole,
          kennysheep_generic_room_11
D:6:      layout_gridville, general_overflow_altar, uniq_maggie, uniq_menkaure
D:7:      layout_loops_ring, mainiacjoe_overflow_alcove_2
D:8:      layout_rooms, lemuel_coloured_pillars_altar
D:9:      layout_small_grid, marbit_many_paths, mainiacjoe_overflow_catwalk,
          erik_lair_orcish_takeover, kennysheep_crisscross, uniq_erica
Temple:   regret_index_temple_generic_petals

Skill      XL: |  1  2  3  4  5  6  7  8  9 10 |
---------------+-------------------------------+-----
Conjurations   | 2 3 4 |  4.7
Summonings     | 2 3 4 |  4.7
Translocations | 2 3 4 |  4.7
Invocations    | 1 2 3 4 5 |  5.5
Fighting       | 1 2 3 4 5 |  5.0
Short Blades   | 1 2 3 4 5 |  5.0
Long Blades    | 1 2 3 4 5 |  5.0
Axes           | 1 2 3 4 5 |  5.0
Maces & Flails | 1 2 3 4 5 |  5.0
Polearms       | 1 2 3 4 5 |  5.0
Staves         | 1 2 3 4 5 |  5.0
Slings         | 1 2 3 4 5 |  5.0
Bows           | 1 2 3 4 5 |  5.0
Crossbows      | 1 2 3 4 5 |  5.0
Throwing       | 1 2 3 4 5 |  5.0
Armour         | 1 2 3 4 5 |  5.0
Shields        | 1 2 3 4 5 |  5.0
Unarmed Combat | 1 2 3 4 5 |  5.0
Evocations     | 1 2 3 4 5 |  5.0
Hexes          | 1 2 3 4 |  4.2
Necromancy     | 1 2 3 4 |  4.2
Transmutations | 1 2 3 4 |  4.2
Fire Magic     | 1 2 3 4 |  4.2
Ice Magic      | 1 2 3 4 |  4.2
Air Magic      | 1 2 3 4 |  4.2
Earth Magic    | 1 2 3 4 |  4.2
Poison Magic   | 1 2 3 4 |  4.2
Dodging        | 5 6 |  6.9
Stealth        | 5 6 |  6.6
Spellcasting   | 8 |  8.9

Action                   |  1- 3 |  4- 6 |  7- 9 | 10-12 || total
-------------------------+-------+-------+-------+-------++-------
Melee: Dagger            |    16 |     6 |       |       ||    22
       Bite              |     3 |     3 |    11 |     2 ||    19
       Hand axe          |       |    47 |   111 |       ||   158
       Lance             |       |       |    74 |    40 ||   114
       Punch             |       |       |     2 |     1 ||     3
 Cast: Magic Dart        |    86 |   152 |   106 |     7 ||   351
       Call Imp          |     2 |    20 |     6 |       ||    28
       Mephitic Cloud    |       |       |    16 |     2 ||    18
       Ignite Poison     |       |       |     3 |     1 ||     4
Invok: Recall Ancestor   |       |       |     1 |       ||     1
       Ancestor Life: Kn |       |       |     1 |       ||     1
Evoke: Wand              |       |       |     5 |       ||     5
  Use: Scroll            |     2 |     9 |     5 |     1 ||    17
       Potion            |       |     1 |       |       ||     1
 Stab: Paralysed         |       |       |    10 |       ||    10
       Confused          |       |       |     7 |       ||     7
       Distracted        |       |       |     1 |     3 ||     4
       Sleeping          |       |       |     1 |       ||     1
Armor: Robe              |     5 |       |       |       ||     5
       Leather armour    |       |    19 |    29 |       ||    48
       Acid dragon scale |       |       |    10 |     6 ||    16
Dodge: Dodged            |    17 |    77 |    95 |    15 ||   204
